 Dungeon Crawl Stone Soup version 0.28-a0-723-g095bd1b44f (webtiles) character file.

Game seed: 11421383949473361823

274 ytrimaz the Purveyor of Pain (level 6, -3/41 HPs)
             Began as a Demonspawn Necromancer on Oct 25, 2021.
             Was an Initiate of Kikubaaqudgha.
             Killed from afar by an acid dragon (15 damage)
             ... with a splash of acid
             ... on level 4 of the Dungeon.
             The game lasted 00:07:53 (4364 turns).

ytrimaz the Purveyor of Pain (DsNe)                 Turns: 4364, Time: 00:07:55

Health: -3/41      AC:  4    Str:  8    XL:     6   Next: 3%
Magic:  10/21      EV: 12    Int: 18    God:    Kikubaaqudgha [......]
Gold:   96         SH:  0    Dex: 18    Spells: 9/13 levels left

rFire   . . .      SeeInvis .   d - +1 dagger (venom)
rCold   . . .      Faith    .   (no shield)
rNeg    . . .      Spirit   .   a - +0 robe
rPois   .          Reflect  .   f - +2 hat
rElec   +          Harm     .   (no cloak)
rCorr   .          Rampage  .   (no gloves)
Will    .....                   (no boots)
Stlth   ++++......              (no amulet)
HPRegen 0.13/turn               c - ring of magical power
MPRegen 0.17/turn               (no ring)

@: no status effects
A: antennae 1, thin skeletal structure 2, electricity resistance
a: Renounce Religion


You were on level 4 of the Dungeon.
You worshipped Kikubaaqudgha.
Kikubaaqudgha was noncommittal.
You visited 1 branch of the dungeon, and saw 6 of its levels.

You collected 96 gold pieces.

Inventory:

Hand Weapons
 d - a +1 dagger of venom (weapon)
Missiles
 b - 2 throwing nets
Armour
 a - a +0 robe (worn)
 f - a +2 hat (worn)
Jewellery
 c - a ring of magical power (left hand)
Scrolls
 h - a scroll of teleportation
Potions
 e - a potion of flight


   Skills:
 + Level 0.4 Short Blades
 - Level 1.7 Dodging
 * Level 3.1 Stealth
 + Level 4.0 Spellcasting
 + Level 6.0 Necromancy


You had 9 spell levels left.
You knew the following spells:

 Your Spells              Type           Power      Damage    Failure   Level
a - Pain                  Necr           100%       1d9       1%          1
b - Vampiric Draining     Necr           12%        2d7       3%          3

Your spell library contained the following spells:

 Spells                   Type           Power      Damage    Failure   Level
 Animate Skeleton         Necr           50%        N/A       1%          1
 Animate Dead             Necr           12%        N/A       12%         4
 Foxfire                  Conj/Fire      12%        2x1d4     14%         1
 Agony                    Necr           25%        N/A       34%         5


Dungeon Overview and Level Annotations

Branches:
Dungeon (6/15)             Temple (0/1) D:6

Altars:
Kikubaaqudgha
Makhleb
Okawaru
Zin

Shops:
D:3 [

Annotations:
D:4 1 transporter, frimble's ghost, amateur DsFE
D:6 Dowan


Innate Abilities, Weirdness & Mutations

You have a pair of small antennae on your head.
You have a moderately thin skeletal structure. (Dex +4, Stealth++)
You are resistant to electric shocks. (rElec)


Message History

The acid dragon roars!
The acid dragon writhes in agony!
The acid dragon barely misses you. The acid dragon misses you.
The acid dragon writhes in agony.
The acid dragon spits acid at you. The splash of acid hits you!!
Ouch! That really hurt!
* * * LOW HITPOINT WARNING * * *
You are too injured to fight recklessly!
You are too injured to fight recklessly!
Unknown command.
Okay, then.
Okay, then.
Casting: Pain (safe; 1% risk of failure)
Confirm with . or Enter, or press ? or * to list all spells.
Aiming: Vampiric Draining (dangerous; 3% risk of failure)
Press: ? - help, Shift-Dir - straight line, f/p - acid dragon
Aim: an acid dragon (moderately wounded, catching its breath) Nothing appears to happen.
The acid dragon bites you but does no damage.
The acid dragon claws you.
* * * LOW HITPOINT WARNING * * *
Unknown command.
Casting: Vampiric Draining (dangerous; 3% risk of failure)
Confirm with . or Enter, or press ? or * to list all spells.
Aiming: Vampiric Draining (dangerous; 3% risk of failure)
Press: ? - help, Shift-Dir - straight line, f/p - acid dragon
Aim: an acid dragon (moderately wounded, catching its breath) Nothing appears to happen.
The acid dragon barely misses you.
The acid dragon claws you but does no damage.
Casting: Vampiric Draining (dangerous; 3% risk of failure)
Confirm with . or Enter, or press ? or * to list all spells.
Aiming: Vampiric Draining (dangerous; 3% risk of failure)
Press: ? - help, Shift-Dir - straight line, f/p - acid dragon
Aim: an acid dragon (moderately wounded) Nothing appears to happen.
The acid dragon spits acid at you. The splash of acid hits you!
You die...
Kikubaaqudgha rasps: "You have failed me!
Welcome... death!"

#.....©.©...........
#.............).....
#####...#####.....>.
#.#### ##...... ##.#
##...## .######.##
##...# ........#
##... ........#
####.. ######.@#
#..... ##D....#
#.<... #......#
#..... #......#
#..... ........#
#..... ........#
##.... .........
#.... ..........
#.... ####.


You could see an acid dragon (catching breath).

Vanquished Creatures
  A jelly (D:6)
  A bullfrog zombie (D:6)
  An orc priest (D:3)
  Jessica (D:2)
  Natasha (D:3)
  An orc wizard (D:3)
  2 adders (D:2)
  2 worms (D:2)
  4 dart slugs
  4 orcs (D:3)
  9 ball pythons
  6 endoplasms
  2 giant cockroaches
  6 goblins
  7 hobgoblins
  7 jackals
  5 bats
  3 frilled lizards
  4 kobolds
  5 rats
72 creatures vanquished.

Vanquished Creatures (others)
  2 plants (D:1)
  5 withered plants (D:3)
7 creatures vanquished.

Grand Total: 79 creatures vanquished

Notes
Turn   | Place    | Note
-------+----------+-------------------------------------------
     0 | D:1      | ytrimaz the Demonspawn Necromancer began the quest for the
                  | Orb.
     0 | D:1      | Reached XP level 1. HP: 13/13 MP: 3/3
   305 | D:1      | Gained mutation: You have a somewhat thin skeletal
                  | structure. (Dex +2, Stealth+) [demonic ancestry]
   305 | D:1      | Reached XP level 2. HP: 16/19 MP: 1/5
   602 | D:1      | Found a faded altar of an unknown god.
   614 | D:1      | Got Plato's Tome of Confrontation
   641 | D:1      | Reached skill level 5 in Necromancy
  1211 | D:2      | Reached XP level 3. HP: 21/24 MP: 1/6
  1434 | D:2      | Learned a level 3 spell: Vampiric Draining
  1650 | D:2      | Noticed Jessica
  1655 | D:2      | Killed Jessica
  1656 | D:2      | Reached XP level 4. HP: 28/30 MP: 8/8
  2396 | D:3      | Found an iron altar of Okawaru.
  2448 | D:3      | You fall into a shaft and drop 3 floors!
  2456 | D:6      | Gained mutation: You have a pair of small antennae on your
                  | head. [demonic ancestry]
  2456 | D:6      | Reached XP level 5. HP: 28/35 MP: 10/10
  2760 | D:6      | Noticed a necrophage
  2771 | D:6      | Gained mutation: You are resistant to electric shocks.
                  | (rElec) [potion of mutation]
  2786 | D:6      | Noticed Dowan
  2805 | D:6      | Found a staircase to the Ecumenical Temple.
  2807 | D:5      | Entered Level 5 of the Dungeon
  3250 | D:3      | Found an ancient bone altar of Kikubaaqudgha.
  3259 | D:3      | Became a worshipper of Kikubaaqudgha
  3276 | D:3      | Noticed Natasha
  3284 | D:3      | Killed Natasha
  3476 | D:3      | Found Vaeskyhi's Antique Armour Boutique.
  3628 | D:3      | Found a burning altar of Makhleb.
  3633 | D:3      | Noticed an angel
  3634 | D:3      | Noticed a green death
  3819 | D:3      | Reached skill level 6 in Necromancy
  3819 | D:3      | Gained mutation: You have a moderately thin skeletal
                  | structure. (Dex +4, Stealth++) [demonic ancestry]
  3819 | D:3      | Reached XP level 6. HP: 7/40 MP: 2/12
  4334 | D:4      | Identified the +8 great mace "Migohau" {flame, rN+}
  4337 | D:4      | Noticed frimble's ghost (amateur DsFE)
  4345 | D:4      | Found a transporter.
  4356 | D:4      | Noticed an acid dragon
  4364 | D:4      | Killed from afar by an acid dragon

Illustrated notes

Levels and vault maps discovered:
D:1:      scummos_arrival_forest, layout_basic,
          shapermc_ecumenical_altar_rom_forum
D:2:      layout_basic, minmay_heptomino_o4, uniq_jessica
D:3:      layout_loops_ring, kiku_gazebo_garden_becter, lemuel_doored_altar,
          grunt_temple_overflow_order_and_chaos_2, serial_shops, shop,
          uniq_natasha
D:4:      layout_cave_pods, gammafunk_ghost_smash
D:5:      layout_basic, uniq_prince_ribbit1
D:6:      layout_rooms, vehumet_crystals, marbit_many_paths,
          minmay_temple_entry_statues_fountains, uniq_menkaure, uniq_duvessa

Skill      XL: |  1  2  3  4  5 |
---------------+----------------+-----
Necromancy     | 5 6 |  6.0
Stealth        | 2 3 |  3.1
Spellcasting   | 3 4 |  4.0
Short Blades   | |  0.4
Dodging        | |  1.7

Action                   |  1- 3 |  4- 6 || total
-------------------------+-------+-------++-------
Melee: Dagger            |    12 |    32 ||    44
 Cast: Pain              |    52 |    69 ||   121
       Vampiric Draining |       |    11 ||    11
  Use: Scroll            |     2 |     1 ||     3
       Potion            |       |     3 ||     3
 Stab: Sleeping          |       |     1 ||     1
Armor: Robe              |     3 |     9 ||    12
       Skin              |       |     5 ||     5
Dodge: Dodged            |    13 |    40 ||    53

Table legend: (Time is in decaauts)
 A = Elapsed time spent in this place.
 B = Non-inter-level travel time spent in this place.
 C = Inter-level travel time spent in this place.
 D = Time resting spent in this place.
 E = Time spent auto-exploring this place.
 F = Levels seen in this place.
 G = Mean time per level.
                   A        B        C        D        E       F      G
               +--------+--------+--------+--------+--------+-----+--------+
         Total |   4362 |   4276 |     86 |    846 |   2792 |   6 |  727.0 |
       Dungeon |   4362 |   4276 |     86 |    846 |   2792 |   6 |  727.0 |
               +--------+--------+--------+--------+--------+-----+--------+

Top non-repeatable levels by time:
     D:3: 1606 daAuts
     D:1: 1181 daAuts
     D:2: 1142 daAuts
     D:6: 358 daAuts
     D:4: 43 daAuts
     D:5: 30 daAuts
